 Dungeon Crawl Stone Soup version 0.23.2-1-ga50397a6bc (webtiles) character file.

Game seed: 12055795823475551111

287 Menchi the Fighter (level 6, -5/74 HPs)
             Began as an Ogre Berserker on May 23, 2019.
             Was a Believer of Trog.
             Slain by a wight
             ... wielding a +0 great sword
              (10 damage)
             ... on level 4 of the Dungeon.
             The game lasted 00:06:20 (3793 turns).

Menchi the Fighter (Ogre Berserker)                 Turns: 3793, Time: 00:06:20

Health: -5/74      AC:  3    Str: 24    XL:     6   Next: 30%
Magic:  6/6        EV: 10    Int:  8    God:    Trog [**....]
Gold:   156        SH:  0    Dex:  8    Spells: 5/5 levels left

rFire    . . .     SeeInvis .   a - +0 hand axe
rCold    . . .     Gourm    .   (no shield)
rNeg     . . .     Faith    .   b - +0 animal skin
rPois    .         Spirit   .   (helmet restricted)
rElec    .         Reflect  .   (no cloak)
rCorr    .         Harm     .   (gloves unavailable)
MR       .....                  (boots unavailable)
Stlth    +.........             (no amulet)
HPRegen  0.22/turn              (no ring)
MPRegen  0.10/turn              (no ring)

@: berserk cooldown, slowed, lightly drained, very slow
A: large, unfitting armour, tough skin 1
a: Berserk, Trog's Hand, Renounce Religion


You were on level 4 of the Dungeon.
You worshipped Trog.
Trog was pleased with you.
You were not hungry.

You visited 1 branch of the dungeon, and saw 4 of its levels.

You collected 156 gold pieces.

Inventory:

Hand Weapons
 a - a +0 hand axe (weapon)
 j - a +1 halberd of holy wrath
Armour
 b - a +0 animal skin (worn)
Scrolls
 e - a scroll of teleportation
 g - a scroll of remove curse
 h - a scroll of enchant armour {unknown}
 i - 6 scrolls of identify {unknown}
 k - 2 scrolls of magic mapping {unknown}
 l - 3 scrolls of enchant weapon {unknown}
 m - 2 scrolls of fear {unknown}
Potions
 d - 2 potions of flight {unknown}
 f - a potion of invisibility {unknown}
 n - a potion of ambrosia {unknown}
Comestibles
 c - 10 rations


   Skills:
 * Level 8.4(7.8) Fighting
 + Level 3.9(3.3) Axes
 - Level 2.6(2.1) Dodging


You had 5 spell levels left.
You didn't know any spells.
Your spell library was empty.

Dungeon Overview and Level Annotations

Branches:
Dungeon (4/15)             Temple (0/1) D:4

Altars:


Innate Abilities, Weirdness & Mutations

You are too large for most types of armour.
You have tough skin. (AC +1)


Message History

You hit the wight.
The wight is lightly damaged.
You hit the wight but do no damage.
You hit the centaur skeleton but do no damage.
The centaur skeleton barely misses you. The centaur skeleton hits you.
The wight hits you with a cursed +2 scimitar.
You feel drained.
The wight hits you with a +0 great sword!
* * * LOW HITPOINT WARNING * * *
The centaur skeleton hits you.
* * * LOW HITPOINT WARNING * * *
You slash the wight!
The wight is severely damaged.
You hit the centaur skeleton but do no damage.
You closely miss the wight. The centaur skeleton hits you.
* * * LOW HITPOINT WARNING * * *
The wight hits you with a cursed +2 scimitar!
* * * LOW HITPOINT WARNING * * *
The wight hits you with a +0 great sword!
You die...

###.... ...............
##......
........................
...................<....
........................
........................
........................
#.......Z.# ).......(...
#.....z@.# #...........
##....z)## #...........
######.# #..........#
#.# #........## #.#
#......## #.# #.....##
#.# ##....## #.##
#.....# #..# ##....#


You could see 2 wights and a centaur skeleton.

Vanquished Creatures
  A scorpion (D:4)
  A wight (D:4)
  A hound (D:3)
  An iguana (D:4)
  A worker ant (D:4)
  A gnoll (D:1)
  4 adders
  2 worms
  A dart slug (D:4)
  A leopard gecko (D:1)
  An orc (D:4)
  10 goblins
  7 hobgoblins
  10 jackals
  3 quokkas
  A ball python (D:3)
  8 bats
  4 frilled lizards
  6 kobolds
  6 rats
70 creatures vanquished.

Notes
Turn   | Place    | Note
-------+----------+-------------------------------------------
     0 | D:1      | Menchi the Ogre Berserker began the quest for the Orb.
     0 | D:1      | Reached XP level 1. HP: 24/24 MP: 1/1
   300 | D:1      | Reached XP level 2. HP: 33/33 MP: 2/2
   514 | D:1      | Reached skill level 5 in Fighting
   682 | D:1      | Reached XP level 3. HP: 42/42 MP: 3/3
   799 | D:1      | You fall through a shaft!
  1012 | D:2      | Reached skill level 6 in Fighting
  1236 | D:2      | Reached XP level 4. HP: 40/53 MP: 4/4
  1445 | D:2      | Found a faded altar of an unknown god.
  2370 | D:3      | Reached ** piety under Trog
  2463 | D:3      | Reached skill level 7 in Fighting
  2463 | D:3      | Reached XP level 5. HP: 41/62 MP: 5/5
  3345 | D:4      | Found a staircase to the Ecumenical Temple.
  3393 | D:4      | Reached skill level 8 in Fighting
  3410 | D:4      | Reached XP level 6. HP: 8/72 MP: 6/6
  3793 | D:4      | Slain by a wight

Skill      XL: |  1  2  3  4  5 |
---------------+----------------+-----
Fighting       | 5 6 7 8 |  8.4
Axes           | |  3.9
Dodging        | |  2.6

Action                   |  1- 3 |  4- 6 || total
-------------------------+-------+-------++-------
Melee: Hand axe          |   116 |   141 ||   257
Invok: Berserk           |     4 |     3 ||     7
  Use: Scroll            |       |     2 ||     2
  Eat: Chunk             |     4 |     9 ||    13
       Ration            |       |     1 ||     1
Armor: Animal skin       |    55 |    42 ||    97
Dodge: Dodged            |    72 |    86 ||   158
